[Event "ESCC-50 2022"]
[Site "Lublin"]
[Date "2022.07.13"]
[Round "9.4"]
[White "Wielosz, Jaroslaw"]
[Black "Garabetyan, Arno"]
[Result "1/2-1/2"]
[ECO "E10"]
[WhiteElo "1891"]
[BlackElo "2056"]
[Annotator "ChessBase"]
[PlyCount "113"]
[EventDate "2022.07.05"]
[EventType "swiss"]
[EventCountry "POL"]
[SourceTitle "playchess.com"]
[Source "ChessBase"]
[SourceQuality "1"]
[TimeControl "40/5400+30:1800+30"]

1. d4 Nf6 2. c4 e6 3. Nf3 d5 4. g3 Bb4+ 5. Bd2 Be7 6. Bg2 O-O 7. Qc2 c6 8. O-O b6 9. b3 a5 10. Nc3 Ba6 11. cxd5 cxd5 12. Ne5 Nfd7 13. Nxd7 Qxd7 14. Rfd1 Nc6 15. Be3 Rfc8 16. Qb2 b5 17. Rac1 Bd6 18. Bf4 Bxf4 19. gxf4 f5 20. e3 Nd8 21. Nb1 b4 22. Rxc8 Rxc8 23. Rc1 Nf7 24. Nd2 Rxc1+ 25. Qxc1 Qc8 26. Qxc8+ Bxc8 27. Bf1 Kf8 28. Bd3 Bd7 29. Kf1 Ke7 30. Ke2 h6 31. h4 Kf6 32. Nf3 Kg6 33. Kd2 Be8 34. Be2 Kf6 35. Bd3 Kg6 36. Be2 Kf6 37. Bd3 Ke7 38. Ne5 Nd6 39. Kc2 Kd8 40. Kd2 Kc7 41. Kc2 Kd8 42. Kd2 Ke7 43. Kc2 Kf6 44. Kd2 Nf7 45. Nxf7 Kxf7 46. Be2 Kf6 47. Ke1 g5 48. hxg5+ hxg5 49. fxg5+ Kxg5 50. f4+ Kh4 51. Ba6 Bd7 52. Bb7 Kg3 53. Ba6 Kf3 54. Kd2 Kf2 55. Be2 Be8 56. Ba6 Bd7 57. Bb7 1/2-1/2

[Event "ESCC-50 2022"]
[Site "Lublin"]
[Date "2022.07.13"]
[Round "9.5"]
[White "Druckenthaner, Andreas"]
[Black "Zielinski, Olgierd"]
[Result "0-1"]
[ECO "B40"]
[WhiteElo "2272"]
[BlackElo "1816"]
[Annotator "ChessBase"]
[PlyCount "64"]
[EventDate "2022.07.05"]
[EventType "swiss"]
[EventCountry "POL"]
[SourceTitle "playchess.com"]
[Source "ChessBase"]
[SourceQuality "1"]
[TimeControl "40/5400+30:1800+30"]

1. e4 c5 2. Nf3 e6 3. d4 cxd4 4. Bg5 Nf6 5. e5 h6 6. Bc1 Nd5 7. Qxd4 Nc6 8. Qe4 d6 9. c4 Ndb4 10. a3 d5 11. Qe2 Qa5 12. Nc3 dxc4 13. Qe4 Nd5 14. Bd2 Nb6 15. Be2 Nd7 16. Bf4 g5 17. Bg3 Bg7 18. O-O Ndxe5 19. Nxe5 Nxe5 20. b4 cxb3 21. Nb5 f5 22. Qe3 f4 23. Qc5 Kd8 24. Rac1 Qb6 25. Qb4 Bd7 26. Bxf4 gxf4 27. Qxf4 Bxb5 28. Rfd1+ Bd7 29. Qh4+ Ke8 30. Bh5+ Kf8 31. Qf4+ Ke7 32. Rxd7+ Kxd7 0-1

[Event "ESCC-50 2022"]
[Site "Lublin"]
[Date "2022.07.13"]
[Round "9.6"]
[White "Padrak, Rafal"]
[Black "Warnk, Torsten"]
[Result "1/2-1/2"]
[ECO "D37"]
[WhiteElo "2125"]
[BlackElo "1763"]
[Annotator "ChessBase"]
[PlyCount "31"]
[EventDate "2022.07.05"]
[EventType "swiss"]
[EventCountry "POL"]
[SourceTitle "playchess.com"]
[Source "ChessBase"]
[SourceQuality "1"]
[TimeControl "40/5400+30:1800+30"]

1. d4 d5 2. c4 e6 3. Nc3 Nf6 4. Nf3 Be7 5. cxd5 exd5 6. Bg5 O-O 7. e3 c6 8. Bd3 h6 9. Bh4 Re8 10. O-O Ne4 11. Bxe7 Qxe7 12. Ne5 Nd7 13. Nxd7 Qxd7 14. Bxe4 dxe4 15. Qc2 Qf5 16. Rad1 1/2-1/2

[Event "ESCC-50 2022"]
[Site "Lublin"]
[Date "2022.07.13"]
[Round "9.7"]
[White "Kirszenberg, Marc"]
[Black "Baliuniene, Margarita"]
[Result "1/2-1/2"]
[ECO "D35"]
[WhiteElo "2056"]
[BlackElo "1935"]
[Annotator "ChessBase"]
[PlyCount "25"]
[EventDate "2022.07.05"]
[EventType "swiss"]
[EventCountry "POL"]
[SourceTitle "playchess.com"]
[Source "ChessBase"]
[SourceQuality "1"]
[TimeControl "40/5400+30:1800+30"]

1. d4 d5 2. c4 e6 3. Nc3 Nf6 4. cxd5 exd5 5. Bg5 Be7 6. e3 c6 7. Qc2 a5 8. Bd3 h6 9. Bh4 Na6 10. a3 O-O 11. Nf3 Be6 12. O-O Nd7 13. Bxe7 1/2-1/2

[Event "ESCC-50 2022"]
[Site "Lublin"]
[Date "2022.07.13"]
[Round "9.8"]
[White "Krzyzanowska-Zadlo, Lidia"]
[Black "Pietinen, Pekka"]
[Result "1/2-1/2"]
[ECO "C06"]
[WhiteElo "1732"]
[BlackElo "1937"]
[Annotator "ChessBase"]
[PlyCount "88"]
[EventDate "2022.07.05"]
[EventType "swiss"]
[EventCountry "POL"]
[SourceTitle "playchess.com"]
[Source "ChessBase"]
[SourceQuality "1"]
[TimeControl "40/5400+30:1800+30"]

1. e4 e6 2. d4 d5 3. Nd2 Nf6 4. e5 Nfd7 5. Bd3 c5 6. c3 Nc6 7. Ne2 cxd4 8. cxd4 Qb6 9. Nf3 Bb4+ 10. Bd2 Be7 11. b3 Ba3 12. Bc1 Qa5+ 13. Bd2 Nb4 14. O-O Qb6 15. Bc1 Bxc1 16. Nxc1 Nxd3 17. Nxd3 Qd8 18. Rc1 Nf8 19. Qd2 Ng6 20. g3 Bd7 21. Qb4 Bc6 22. Rfe1 Qe7 23. a4 h6 24. Nc5 O-O 25. Rc3 a5 26. Qb6 Qd8 27. Qxd8 Rfxd8 28. Rec1 Kf8 29. h4 Ne7 30. Kg2 Ke8 31. g4 Rdc8 32. Kg3 b6 33. Nd3 Bb7 34. Rxc8+ Rxc8 35. Rxc8+ Bxc8 36. Kf4 Ba6 37. Ke3 Nc6 38. Nfe1 Ke7 39. f4 Bxd3 40. Nxd3 g6 41. Nc1 Kf8 42. Ne2 Kg7 43. Ng3 Ne7 44. h5 Kh7 1/2-1/2

[Event "ESCC-50 2022"]
[Site "Lublin"]
[Date "2022.07.13"]
[Round "9.9"]
[White "Babijczuk, Wojciech"]
[Black "Puroila, Sippo"]
[Result "0-1"]
[ECO "B03"]
[WhiteElo "1436"]
[BlackElo "1803"]
[Annotator "NA"]
[PlyCount "120"]
[EventDate "2022.07.05"]
[EventType "swiss"]
[EventCountry "POL"]
[SourceTitle "playchess.com"]
[Source "ChessBase"]
[SourceQuality "1"]
[TimeControl "40/5400+30:1800+30"]

1. e4 Nf6 2. e5 Nd5 3. c4 Nb6 4. d4 d6 5. f4 g6 6. b3 Bg7 7. Nf3 O-O 8. Be3 dxe5 9. fxe5 Nc6 10. Be2 Bg4 11. h3 Bxf3 12. Bxf3 f6 13. e6 f5 14. Bxc6 bxc6 15. Na3 Qc8 16. O-O Qxe6 17. Qe1 Rad8 18. Rd1 Rd7 19. Qf2 Rfd8 20. Rfe1 Qf6 21. Nc2 g5 22. g3 Qg6 23. Kh2 e5 24. Rg1 exd4 25. Bxd4 Bxd4 26. Rxd4 Qf6 27. Rxd7 Rxd7 28. Rg2 Kg7 29. Ne3 Kg6 30. Qc2 Re7 31. Nf1 Qe5 32. Rf2 Nd7 33. b4 Qe4 34. Qb3 Ne5 35. c5 g4 36. Qg8+ Kh5 37. Nd2 Nf3+ 38. Nxf3 gxf3 39. h4 Qg4 40. Qd8 f4 41. Qxe7 fxg3+ 42. Kg1 gxf2+ 43. Kxf2 Qg2+ 44. Ke1 Qe2+ 45. Qxe2 fxe2 46. Kxe2 Kxh4 47. Kf3 Kg5 48. a4 a6 49. Ke4 Kf6 50. Kf4 Ke6 51. Ke4 h5 52. Kf4 Kd5 53. Kg5 Kc4 54. Kxh5 Kxb4 55. Kg5 Kxc5 56. Kf4 Kb4 57. Ke4 Kxa4 58. Kd4 Kb4 59. Kd3 c5 60. Kc2 c4 0-1

[Event "ESCC-50 2022"]
[Site "Lublin"]
[Date "2022.07.13"]
[Round "9.11"]
[White "Chlewinski, Artur"]
[Black "Krzyzanowski, Wojciech"]
[Result "1/2-1/2"]
[ECO "B33"]
[WhiteElo "1417"]
[BlackElo "1878"]
[Annotator "NA"]
[PlyCount "56"]
[EventDate "2022.07.05"]
[EventType "swiss"]
[EventCountry "POL"]
[SourceTitle "playchess.com"]
[Source "ChessBase"]
[SourceQuality "1"]
[TimeControl "40/5400+30:1800+30"]

1. e4 c5 2. Nf3 Nc6 3. d4 cxd4 4. Nxd4 Nf6 5. Nc3 e5 6. Ndb5 d6 7. Bg5 a6 8. Na3 b5 9. Bxf6 gxf6 10. Nd5 Bg7 11. c3 f5 12. Qd3 O-O 13. exf5 e4 14. Qe3 Bxf5 15. Be2 b4 16. Nc4 bxc3 17. bxc3 Ne5 18. O-O Nxc4 19. Bxc4 Be5 20. f4 exf3 21. Qxf3 Be6 22. Rab1 Qh4 23. h3 Qxc4 24. Ne7+ Kh8 25. Rb4 Qxc3 26. Qe3 Qd3 27. Qxd3 Bc3 28. Rb7 Be5 1/2-1/2